 Dungeon Crawl Stone Soup version 0.19-a0-809-g2f88ffd (webtiles) character file.

35 AlphabetPasta the Magician (level 3, 0/21 HPs)
             Began as an Octopode Wizard on June 27, 2016.
             Succumbed to an adder's poison
             ... on level 1 of the Dungeon.
             The game lasted 00:05:12 (1065 turns).

AlphabetPasta the Magician (Octopode Wizard)        Turns: 1065, Time: 00:05:13

Health: 0/21       AC:  1    Str:  6    XL:     3   Next: 35%
Magic:  1/7        EV: 12    Int: 26    God:
Gold:   16         SH:  0    Dex: 10    Spells: 4 memorised, 1 level left

rFire  . . .     SeeInvis .     (no weapon)
rCold  . . .     Gourm    .     (no shield)
rNeg   . . .     Faith    .     a - +0 hat
rPois  .         Spirit   .     (no amulet)
rElec  .         Dismiss  .     (no ring)
rCorr  .         Reflect  .     (no ring)
SustAt .         Harm     .     (no ring)
MR     .....                    (no ring)
Stlth  +++.......               (no ring)
                                (no ring)
                                (no ring)
                                (no ring)

@: brilliant, lethally poisoned (0 -> -5), about to teleport, very slightly
contaminated, repel missiles, invisible, not resistant to hostile enchantments,
fairly stealthy
A: almost no armour, amphibious, 8 rings, constrict 8, camouflage 1, gelatinous
body 1
a: no special abilities


You were on level 1 of the Dungeon.
You were not hungry.

You visited 1 branch of the dungeon, and saw 2 of its levels.

You collected 16 gold pieces.

Inventory:

Armour
 a - a +0 hat (worn)
Scrolls
 h - a scroll of recharging {unknown}
 i - a scroll of remove curse {unknown}
Books
 b - a book of Minor Magic

   Spells                             Type                      Level
   a - Magic Dart                     Conjuration                  1
   b - Blink                          Translocation                2
   c - Call Imp                       Summoning                    2
   d - Repel Missiles                 Charms/Air                   2
   e - Slow                           Hexes                        2
   f - Conjure Flame                  Conjuration/Fire             3
   g - Mephitic Cloud                 Conjuration/Poison/Air       3
Comestibles
 c - 2 bread rations


   Skills:
 + Level 2.3 Dodging
 - Level 2.6 Stealth
 * Level 3.4 Spellcasting
 * Level 2.0 Conjurations
 + Level 0.4 Charms
 - Level 1.0 Summonings
 - Level 1.0 Translocations


You had one spell level left.
You knew the following spells:

 Your Spells              Type           Power        Failure   Level  Hunger
a - Magic Dart            Conj           ####         1%          1    None
b - Blink                 Tloc           N/A          1%          2    #......
c - Call Imp              Summ           ####....     1%          2    #......
d - Repel Missiles        Chrm/Air       ###...       1%          2    #......


Dungeon Overview and Level Annotations

Branches:
Dungeon (2/15)

Altars:


Innate Abilities, Weirdness & Mutations

You cannot wear most types of armour.
You are amphibious.
You can wear up to eight rings at the same time.
You can use your tentacles to constrict eight enemies at once.
Your skin changes colour to match your surroundings (Stealth+).
Your rubbery body absorbs attacks. (AC +1)


Message History

The adder barely misses you.
You are very lightly contaminated with residual magic.
It was a potion of brilliance.
You feel clever all of a sudden.
You constrict the adder.
You kill the adder!
Your Conjurations skill increases to level 2!
Your crimson imp blinks!
You climb upwards.
* * * LOW HITPOINT WARNING * * *
You feel sick.
There is a stone staircase leading down here.
Eat which item? (? for menu, Esc to quit)
Okay, then.
As you read the scroll labeled QOTROM JUUDWEY, it crumbles to dust.
You hear a loud clanging noise!
It was a scroll of noise.
As you read the scroll labeled KOCEIPH HAUT, it crumbles to dust.
You feel strangely unstable.
It was a scroll of teleportation.
You die...

############ #..........#
#..........# #..........#
#..........# #..........#
#..........# ####### ###
#@.........## ......# #.#
#...).......## ......#
#.##########.#.....##
......####.#.................# ##
.............#######..#....#.###.
......####..#.######.#...........
......# #..#................##..
......# ##.....####......).......
##.#### #..##........)...##.#.#..


There were no monsters in sight!

Vanquished Creatures
  An adder (D:2)
  An ooze (D:1)
  A dart slug (D:1)
  A giant gecko (D:1)
  3 giant cockroaches (D:1)
  3 goblins (D:1)
  A kobold (D:1)
  A ball python (D:1)
  2 bats (D:1)
  5 rats (D:1)
19 creatures vanquished.

Notes
Turn   | Place    | Note
--------------------------------------------------------------
     0 | D:1      | AlphabetPasta the Octopode Wizard began the quest for the Orb.
     0 | D:1      | Reached XP level 1. HP: 11/11 MP: 4/4
     0 | D:1      | Upgraded the game from 0.19-a0-805-g0a78ef0 to 0.19-a0-809-g2f88ffd
   285 | D:1      | Reached XP level 2. HP: 17/17 MP: 1/6
   364 | D:1      | Learned a level 2 spell: Blink
   367 | D:1      | Learned a level 2 spell: Call Imp
   370 | D:1      | Learned a level 2 spell: Repel Missiles
   953 | D:1      | Reached XP level 3. HP: 21/21 MP: 2/7
  1060 | D:2      | HP: 1/21 [poisoned by an adder]
  1065 | D:1      | Succumbed to an adder's poison

Vault maps used:
D:1:      minmay_arrival_solitary_statue, solitary_fountain
D:2:      fedhas_altar_4, nicolae_overflow_hidden_temple,
          overflow_temple_1_default, kennysheep_generic_room_2, uniq_robin,
          uniq_natasha

Skill      XL: |  1  2  3 |
---------------+----------+-----
Conjurations   | 2 |  2.0
Dodging        | |  2.3
Stealth        | |  2.6
Spellcasting   | |  3.4
Charms         | |  0.4
Summonings     | |  1.0
Translocations | |  1.0

Action                   || total
-------------------------++-------
Melee: Unarmed           ||    15
       Constrict         ||     2
       Tentacles         ||     1
 Cast: Magic Dart        ||    46
       Repel Missiles    ||     1
       Call Imp          ||     1
  Use: Scroll            ||     2
       Potion            ||     2
Armor: Skin              ||     1
Dodge: Dodged            ||     9
